 Dungeon Crawl Stone Soup version 0.31.0 (webtiles) character file.

Game seed: 8050711304597114579

33322 Arctor the Nimble (level 14, -3/80 HPs)
             Began as a Kobold Hexslinger on Jan 19, 2024.
             Was a Priest of Okawaru.
             Slain by a polar bear (6 damage)
             ... on level 5 of the Lair of Beasts.
             The game lasted 00:37:57 (14462 turns).

Arctor the Nimble (Kobold Hexslinger)              Turns: 14462, Time: 00:37:58

Health: -3/80      AC: 26    Str:  5    XL:     14   Next: 7%
Magic:  22/22      EV: 14    Int: 15    God:    Okawaru [***...]
Gold:   1481       SH:  8    Dex: 23    Spells: 22/24 levels left

rFire   + . .        a - +9 short sword of the Burning Tiger {holy, rElec rF+ Int+3 Stlth+}
rCold   . . .        I - +0 buckler
rNeg    + . .        k - +1 pearl dragon scales
rPois   +            (no helmet)
rElec   +            E - +2 cloak
rCorr   .            c - +0 pair of gloves
SInv    .            g - +2 pair of boots
Will    +....        h - amulet of regeneration
Stlth   ++++         m - ring of flight
HPRegen 1.13/turn    (no ring)
MPRegen 0.18/turn

%: no passive effects
@: heroic, flying
A: small, no large weapons, nightstalker 3, hooves 1, dopey 1, poison resistance
a: Renounce Religion, Heroism


You were on level 5 of the Lair of Beasts.
You worshipped Okawaru.
Okawaru was most pleased with you.
You visited 3 branches of the dungeon, and saw 15 of its levels.
You also visited: Ossuary.

You collected 1999 gold pieces.
You spent 518 gold pieces at shops.

Inventory:

Hand Weapons
 a - the +9 short sword of the Burning Tiger (weapon) {holy, rElec rF+ Int+3 Stlth+}
   (You found it on level 2 of the Dungeon)

   Int+3:     It affects your intelligence (+3).
   rF+:       It protects you from fire.
   rElec:     It insulates you from electricity.
   Stlth+:    It makes you more stealthy.
 b - a +2 sling of flaming
 C - a +4 orcbow
 L - the +7 trident "Meatreiq" {holy, rN+ Str+2 Int+3 Dex+2}
   (You found it on level 2 of the Lair of Beasts)

   Str+2:     It affects your strength (+2).
   Int+3:     It affects your intelligence (+3).
   Dex+2:     It affects your dexterity (+2).
   rN+:       It protects you from negative energy.
Missiles
 i - 2 throwing nets (quivered)
 G - 10 boomerangs
Armour
 c - a +0 pair of gloves (worn)
 g - a +2 pair of boots (worn)
 k - +1 pearl dragon scales (worn)
 E - a +2 cloak (worn)
 I - a +0 buckler (worn)
Jewellery
 h - an amulet of regeneration (around neck)
 m - a ring of flight (left hand)
 s - an amulet of the acrobat
 x - a +6 ring of intelligence
Wands
 j - a wand of polymorph (10)
 r - a wand of digging (5)
 D - a wand of iceblast (3)
Scrolls
 d - 4 scrolls of vulnerability
 f - 3 scrolls of teleportation
 o - 4 scrolls of poison
 q - 2 scrolls of butterflies
 w - 2 scrolls of immolation
 y - 2 scrolls of amnesia
 A - 4 scrolls of fog
 F - a scroll of fear
Potions
 e - a potion of mutation
 l - 3 potions of brilliance
 n - a potion of attraction
 p - 3 potions of curing
 t - 3 potions of magic
 u - 3 potions of ambrosia
 v - a potion of invisibility {unknown}
 B - 3 potions of lignification {unknown}
 J - a potion of cancellation {unknown}
Miscellaneous
 M - a condenser vane
 P - a lightning rod (4/4)


   Skills:
 - Level 6.6(11.6) Fighting
 - Level 7.4(12.4) Short Blades
 - Level 8.3(13.3) Ranged Weapons
 + Level 8.6(13.6) Armour
 - Level 13.0(18.0) Dodging
 + Level 6.4(11.4) Shields
 - Level 5.8 Spellcasting
 - Level 6.6 Hexes
 - Level 1.8 Fire Magic
 - Level 6.5 Invocations
 * Level 8.5 Evocations


You had 22 spell levels left.
You knew the following spells:

 Your Spells              Type           Power      Damage    Failure   Level
a - Jinxbite              Hex            48%        N/A       32%         2

Your spell library contained the following spells:

 Spells                   Type           Power      Damage    Failure   Level
 Sigil of Binding         Hex            24%        N/A       54%         3
 Inner Flame              Hex/Fire       17%        N/A       87%         3
 Cause Fear               Hex            12%        N/A       91%         4
 Cigotuvi's Dreadful Rot  Necr/Alch/Air  8%         N/A       99%         2
 Ozocubu's Armour         Ice            4%         N/A       100%        3
 Stone Arrow              Conj/Erth      8%         3d7       100%        3
 Dimensional Bullseye     Hex/Tloc       7%         N/A       100%        4
 Flame Wave               Conj/Fire      7%         2d5       100%        4
 Ignite Poison            Fire/Alch      7%         N/A       100%        4
 Sticky Flame             Fire/Alch      7%         2d4       100%        4
 Freezing Cloud           Conj/Ice/Air   2%         6-21      100%        5
 Metabolic Englaciation   Hex/Ice        7%         N/A       100%        5
 Lehudib's Crystal Spear  Conj/Erth      2%         10d2      100%        8
 Animate Armour           Summ/Erth      Unusable   N/A       N/A         4
 Sculpt Simulacrum        Ice/Alch       Unusable   N/A       N/A         6

Dungeon Overview and Level Annotations

Branches:
Dungeon (10/15)            Temple (1/1) D:6            Lair (5/5) D:10
 Shoals (0/4) Lair:2       Spider (0/4) Lair:2      Ossuary (visited)
  Slime: Lair:4-5       Orc: D:9-12

Altars:
Ashenzari
Cheibriados
Dithmenos
Elyvilon
Fedhas
Gozag
Hepliaklqana
Kikubaaqudgha
Nemelex Xobeh
Okawaru
Qazlal
Ru
Sif Muna
Trog
Uskayaw
Vehumet
Wu Jian
Xom
Yredelemnul
Zin
The Shining One

Shops:
D:9 [   D:10 (


Innate Abilities, Weirdness & Mutations

You are small and have problems with some larger weapons.
You are completely attuned to the shadows.
You have large cloven feet.
You are dopey. (Int -2)
Your system is resistant to poisons. (rPois)


Message History

You hit the lindwurm but do no damage.
The lindwurm is heavily wounded.
You hit the lindwurm.
The lindwurm is heavily wounded.
The lindwurm closely misses you.
The lindwurm claws you but does no damage.
The lindwurm barely misses you.
You puncture the lindwurm!
The lindwurm is severely wounded.
The lindwurm closely misses you. You block the lindwurm's attack.
The lindwurm closely misses you.
You puncture the lindwurm!
The lindwurm is severely wounded.
You barely miss the lindwurm.
The lindwurm is severely wounded.
The lindwurm bites you but does no damage.
The lindwurm claws you but does no damage.
The lindwurm closely misses you.
You closely miss the lindwurm.
The lindwurm is severely wounded.
You hit the lindwurm but do no damage.
The lindwurm is severely wounded.
The lindwurm breathes flames at you. The blast of flame hits you! You resist.
* * * LOW HITPOINT WARNING * * *
You puncture the lindwurm!
You kill the lindwurm!
Okawaru accepts your kill.
You hit the polar bear.
The polar bear is almost dead.
The polar bear closely misses you.
The polar bear claws you but does no damage.
You block the polar bear's attack.
You hit the polar bear.
The polar bear is almost dead.
The polar bear bites you!
* * * LOW HITPOINT WARNING * * *
The polar bear claws you but does no damage.
The polar bear claws you.
You die...

### ### ###@# ## ##.#######
#.h##### ###.######
#....##..#####.l##..###...#.#....
.............................[...
...........[................##..#
............................#####
...........................####.#
............................##...
..~....~..~.~~....~~.......###...


You could see a polar bear (berserk) and a komodo dragon.

Vanquished Creatures
  2 boulder beetles (Lair:1)
  2 skysharks (Lair:5)
  A lindwurm (Lair:5)
  An oklob plant (D:10)
  The ghost of TheBioAlchemist the Changeling, a novice OpSh of Cheibriados (D:6)
  A cyclops (D:9)
  6 elephants (Lair:5)
  5 black mambas
  A torpor snail (Lair:1)
  12 cane toads
  4 rime drakes
  Maggie (D:10)
  An unseen horror zombie (D:9)
  9 komodo dragons
  A troll (D:9)
  The ghost of middlethird the Magician, a novice VSEE (D:6)
  3 polar bears
  A wind drake (Lair:5)
  3 hornets (Lair:5)
  Grinder (D:6)
  A snapping turtle (Lair:5)
  4 blink frogs (Lair:3)
  4 dream sheep (Lair:5)
  A culicivora (Lair:2)
  4 wyverns
  48 yaks
  3 basilisks
  A wraith (D:8)
  A redback (Lair:2)
  A steam dragon (Lair:5)
  Menkaure (D:6)
  An acid dragon (D:10)
  13 water moccasins
  Duvessa (D:6)
  A black bear (D:7)
  An ice beast (shapeshifter) (D:8)
  A sky beast (D:7)
  6 wolves (Lair:5)
  4 centaurs
  A kobold brigand (D:9)
  3 gnoll sergeants
  A scorpion (D:6)
  15 bullfrogs
  A burial acolyte (D:9)
  5 wights (D:8)
  Dowan (D:6)
  4 killer bees (D:8)
  10 howler monkeys
  5 bullfrog zombies (Ossuary)
  A bombardier beetle (D:3)
  2 gnoll boudas
  A jelly (D:6)
  4 orc priests
  2 sleepcaps (D:6)
  9 orc wizards
  6 mummies (Ossuary)
  4 crocodile zombies (Ossuary)
  6 hound zombies (Ossuary)
  5 howler monkey zombies (Ossuary)
  21 gnolls
  6 adders
  A shadow imp (D:6)
  2 white imps
  2 dart slugs
  17 orcs
  6 bats
  6 endoplasms
  2 giant cockroaches
  6 goblins
  4 hobgoblins
  7 jackals
  4 quokkas
  7 ball pythons
  2 frilled lizards (D:1)
  A goblin skeleton (D:6)
  2 goblin zombies (D:6)
  A hobgoblin zombie (D:6)
  13 kobolds
  A kobold zombie (D:6)
  2 orc skeletons (D:6)
  2 orc zombies (D:6)
  5 rats
360 creatures vanquished.

Vanquished Creatures (others)
  A human (D:9)
1 creature vanquished.

Grand Total: 361 creatures vanquished

Notes
Turn   | Place    | Note
-------+----------+-------------------------------------------
     0 | D:1      | Arctor the Kobold Hexslinger began the quest for the Orb.
     0 | D:1      | Reached XP level 1. HP: 12/12 MP: 2/2
   372 | D:1      | Reached XP level 2. HP: 16/16 MP: 3/3
   556 | D:1      | Reached XP level 3. HP: 20/20 MP: 5/5
   618 | D:1      | Learned a level 2 spell: Jinxbite
  1034 | D:2      | Reached XP level 4. HP: 22/26 MP: 6/6
  1154 | D:2      | Identified the +9 short sword of the Burning Tiger {holy,
                  | rElec rF+ Int+3 Stlth+}
  1185 | D:2      | Reached skill level 3 in Dodging
  1953 | D:3      | Reached skill level 1 in Short Blades
  1953 | D:3      | Reached XP level 5. HP: 29/30 MP: 6/8
  2143 | D:3      | Found a faded altar of an unknown god.
  2336 | D:4      | You fall into a shaft and drop 2 floors!
  2440 | D:6      | Noticed Grinder
  2447 | D:6      | Noticed Duvessa
  2453 | D:6      | Gained mutation: You have hidden genetic defects. [potion
                  | of mutation]
  2453 | D:6      | Gained mutation: You are covered in fur. (AC +1) [potion of
                  | mutation]
  2453 | D:6      | Lost mutation: You have hidden genetic defects. [potion of
                  | mutation]
  2453 | D:6      | Noticed Dowan
  2510 | D:6      | Found a staircase to the Ecumenical Temple.
  2517 | Temple   | Entered the Ecumenical Temple
  2525 | Temple   | Became a worshipper of Warmaster Okawaru
  2629 | D:6      | Found a runed translucent gate.
  2629 | D:6      | Found a runed translucent gate.
  2629 | D:6      | Found a runed translucent gate.
  2646 | D:6      | Killed Grinder
  2646 | D:6      | Reached * piety under Okawaru
  2647 | D:6      | Reached XP level 6. HP: 30/36 MP: 8/10
  2708 | D:6      | Reached skill level 4 in Dodging
  2708 | D:6      | Reached XP level 7. HP: 31/41 MP: 11/11
  2832 | D:6      | Killed Duvessa
  2841 | D:6      | Killed Dowan
  3093 | D:6      | Found a glowing golden altar of the Shining One.
  3100 | D:6      | Reached skill level 5 in Ranged Weapons
  3236 | D:6      | Noticed Menkaure
  3243 | D:6      | Killed Menkaure
  3244 | D:6      | Reached XP level 8. HP: 36/48 MP: 9/13
  3459 | D:6      | Noticed TheBioAlchemist's ghost (novice OpSh)
  3459 | D:6      | Noticed middlethird's ghost (novice VSEE)
  3465 | D:6      | Killed TheBioAlchemist's ghost
  3465 | D:6      | Reached ** piety under Okawaru
  3466 | D:6      | Reached skill level 5 in Dodging
  3466 | D:6      | Reached skill level 5 in Hexes
  3470 | D:6      | Killed middlethird's ghost
  3470 | D:6      | Reached *** piety under Okawaru
  3471 | D:6      | Reached skill level 5 in Short Blades
  3471 | D:6      | Reached XP level 9. HP: 51/52 MP: 13/15
  3744 | D:7      | Reached skill level 5 in Fighting
  3744 | D:7      | Reached skill level 6 in Dodging
  4053 | D:7      | Found an opulent altar of Gozag.
  4146 | D:7      | Found a sand-covered staircase.
  4152 | Ossuary  | Entered an ossuary
  4336 | Ossuary  | Reached **** piety under Okawaru
  5146 | D:8      | Reached skill level 5 in Spellcasting
  5210 | D:8      | Reached XP level 10. HP: 60/60 MP: 17/17
  5236 | D:8      | Reached skill level 7 in Dodging
  5617 | D:8      | Reached ***** piety under Okawaru
  5901 | D:8      | Found a basalt altar of Yredelemnul.
  6022 | D:8      | Identified a scroll of acquirement
  6023 | D:8      | Acquired 1262 gold pieces
  6079 | D:9      | Noticed a cyclops
  6153 | D:9      | Found an ancient bone altar of Kikubaaqudgha.
  6168 | D:9      | Reached skill level 1 in Armour
  6168 | D:9      | Reached skill level 8 in Dodging
  6275 | D:10     | Entered Level 10 of the Dungeon
  6507 | D:10     | Noticed an oklob plant
  6650 | D:10     | Found a staircase to the Lair.
  6661 | D:10     | Killed an oklob plant
  6662 | D:10     | Reached skill level 9 in Dodging
  6662 | D:10     | Reached XP level 11. HP: 66/66 MP: 19/19
  6782 | D:10     | Reached skill level 10 in Dodging
  6896 | D:10     | Found Yneinn's Weapon Boutique.
  6998 | D:10     | Noticed Maggie
  7025 | D:10     | Killed Maggie
  7252 | D:10     | Received a gift from Okawaru
  7253 | D:10     | Reached skill level 5 in Armour
  7493 | D:9      | Killed a cyclops
  7494 | D:9      | Reached skill level 11 in Dodging
  7494 | D:9      | Reached skill level 1 in Invocations
  7928 | D:9      | Found Oclocisk's Antique Armour Shoppe.
  7939 | D:9      | Found a snail-covered altar of Cheibriados.
  7984 | D:9      | Bought a fading chain mail for 266 gold pieces
  7984 | D:9      | Identified the +0 chain mail of Pleasant Breezes {Stlth+}
                  | (You bought it in a shop on level 9 of the Dungeon)
  7984 | D:9      | Bought a jewelled scale mail for 252 gold pieces
  7984 | D:9      | Identified the +0 scale mail of the Game of Life {Harm rN+
                  | Int-2 Dex+2} (You bought it in a shop on level 9 of the
                  | Dungeon)
  8226 | Lair:1   | Entered Level 1 of the Lair of Beasts
  8362 | Lair:1   | Reached skill level 1 in Shields
  8658 | Lair:1   | Noticed a boulder beetle
  8699 | Lair:1   | Killed a boulder beetle
  8700 | Lair:1   | Reached XP level 12. HP: 45/71 MP: 20/20
  8812 | Lair:1   | Noticed a boulder beetle
  8846 | Lair:1   | Killed a boulder beetle
  9157 | Lair:1   | Reached skill level 12 in Dodging
  9213 | Lair:1   | Received a gift from Okawaru
  9520 | Lair:1   | Reached skill level 5 in Invocations
  9732 | Lair:2   | Identified the +7 trident "Meatreiq" {holy, rN+ Str+2 Int+3
                  | Dex+2}
 10037 | Lair:2   | Found a hole to the Spider Nest.
 10228 | Lair:2   | You are sucked into a shaft and drop 2 floors!
 10228 | Lair:4   | Noticed a four-headed hydra
 10760 | Lair:2   | Found a staircase to the Shoals.
 11607 | Lair:3   | Reached XP level 13. HP: 37/76 MP: 19/21
 12349 | Lair:4   | Reached skill level 13 in Dodging
 12605 | Lair:3   | You are sucked into a shaft and drop 1 floor!
 12617 | Lair:4   | Noticed a five-headed hydra
 12654 | Lair:4   | Lost mutation: You are covered in fur. (AC +1) [potion of
                  | mutation]
 12654 | Lair:4   | Gained mutation: Your system is resistant to poisons.
                  | (rPois) [potion of mutation]
 12654 | Lair:4   | Gained mutation: You are dopey. (Int -2) [potion of
                  | mutation]
 12654 | Lair:4   | Gained mutation: You have large cloven feet. [potion of
                  | mutation]
 12723 | Lair:4   | Reached skill level 1 in Evocations
 12776 | Lair:5   | Entered Level 5 of the Lair of Beasts
 12969 | Lair:5   | Noticed a four-headed hydra
 13016 | Lair:5   | Reached skill level 5 in Shields
 13048 | Lair:5   | Noticed a dire elephant
 13068 | Lair:5   | Noticed a merfolk avatar
 13192 | Lair:5   | Reached skill level 5 in Evocations
 14203 | Lair:5   | Reached XP level 14. HP: 61/80 MP: 22/22
 14462 | Lair:5   | HP: 3/80 [polar bear (15)]
 14462 | Lair:5   | Slain by a polar bear

Illustrated notes

Levels and vault maps discovered:
D:1:      dpeg_arrival_simpleton_a, layout_loops_ring, serial_glass,
          glass_columns_c, glass_columns_a, item_on_display_b, feat_on_display,
          due_unseen_surprise, feat_on_display, minmay_surrounded
D:2:      layout_loops_ring
D:3:      layout_basic, hellmonk_ecumenical_altar_slurped_away
D:4:      layout_basic, uniq_edmund, uniq_robin, uniq_crazy_yiuf_cottage
D:6:      layout_gridville, nicolae_tso_besieged_by_evil, temple_fountains,
          gammafunk_ghost_cemetery, uniq_grinder, uniq_menkaure, uniq_duvessa
D:7:      layout_loops_corners, nicolae_overflow_crystal_walls,
          lightli_ossuary_entry_decrepit_ruins
D:8:      layout_rooms, mainiacjoe_overflow_alcove_2, nicolae_doodle_vault
D:9:      layout_basic, overflow_temple_1_default, tgw_kikubaaqudgha,
          serial_shops, nicolae_shop_real_fake_doors, chequers_garden,
          hex_intersection
D:10:     layout_roguey, dpeg_oklobed_lair, serial_shops,
          nicolae_take_the_stairs, uniq_maggie
Temple:   compressed_dpeg_triangle_lava_temple
Lair:1:   layout_regular_city, gauntlet_entry_generic
Lair:2:   layout_layer_cave, elwin_shoals_entry_rocks,
          spider_nest_entry_funnel_web
Lair:3:   layout_regular_city, grunt_megastairs_4, serial_bayou_shore_a
Lair:4:   layout_cave_pods, slime_entry_2, grunt_megastairs_1
Lair:5:   gammafunk_lair_ancient_temple, layout_regular_city, grunt_megastairs_3

Skill      XL: |  1  2  3  4  5  6  7  8  9 10 11 12 13 |
---------------+----------------------------------------+-----
Ranged Weapons | 3 4 5 6 7 8 |  8.3
Dodging        | 3 4 5 6 9 11 12 13 | 13.0
Fighting       | 2 3 4 5 6 |  6.6
Short Blades   | 1 2 3 5 6 7 |  7.4
Spellcasting   | 2 3 4 5 |  5.8
Hexes          | 4 5 6 |  6.6
Armour         | 3 5 7 8 |  8.6
Invocations    | 3 6 |  6.5
Shields        | 1 4 6 |  6.4
Evocations     | 8 |  8.5
Fire Magic     | |  1.8

Action                     |  1- 3 |  4- 6 |  7- 9 | 10-12 | 13-15 || total
---------------------------+-------+-------+-------+-------+-------++-------
  Melee: Dagger            |    21 |    26 |       |       |       ||    47
         Short sword       |       |    73 |   253 |   949 |   646 ||  1921
         Punch             |       |     1 |     3 |    10 |       ||    14
   Fire: Sling             |    87 |       |       |     7 |       ||    94
         Orcbow            |       |       |       |     3 |       ||     3
   Cast: Jinxbite          |       |       |       |     2 |       ||     2
 Invoke: Heroism           |       |       |     1 |    20 |    15 ||    36
         Finesse           |       |       |       |     2 |     4 ||     6
    Use: Scroll            |       |     7 |     9 |     7 |     9 ||    32
         Potion            |       |     3 |     2 |     3 |     4 ||    12
   Stab: Sleeping          |     4 |     8 |     3 |     5 |     5 ||    25
         Distracted        |       |     1 |     3 |     3 |       ||     7
 Armour: Robe              |    39 |    38 |       |       |       ||    77
         Pearl dragon scal |       |    32 |   201 |   584 |   528 ||  1345
  Dodge: Dodged            |    86 |    64 |    92 |   340 |   292 ||   874
  Block: Buckler           |       |       |       |    91 |   184 ||   275
